 Dungeon Crawl Stone Soup version 0.19.4 (webtiles) character file.

330 galech the Cudgeler (level 6, -3/66 HPs)
             Began as an Ogre Fighter on Jan 31, 2017.
             Slain by a gnoll
             ... wielding a +0 spear
              (10 damage)
             ... on level 4 of the Dungeon.
             The game lasted 00:05:42 (2932 turns).

galech the Cudgeler (Ogre Fighter)                  Turns: 2932, Time: 00:05:43

Health: -3/66      AC:  3    Str: 24    XL:     6   Next: 51%
Magic:  6/6        EV:  9    Int:  7    God:
Gold:   132        SH:  9    Dex:  9    Spells: 0 memorised, 5 levels left

rFire  + . .     SeeInvis .     a - +0 flail
rCold  . . .     Gourm    .     b - +0 robe
rNeg   . . .     Faith    .     c - +0 shield
rPois  .         Spirit   .     (helmet restricted)
rElec  .         Reflect  .     (no cloak)
rCorr  .         Harm     .     (gloves unavailable)
MR     .....                    (boots unavailable)
Stlth  ++........               (no amulet)
                                r - ring of stealth
                                u - ring of protection from fire

@: no status effects
A: unfitting armour, tough skin 1
a: no special abilities


You were on level 4 of the Dungeon.
You were hungry.

You visited 1 branch of the dungeon, and saw 4 of its levels.

You collected 132 gold pieces.

Inventory:

Hand Weapons
 a - a +0 flail (weapon)
Armour
 b - a +0 robe (worn)
 c - a +0 shield (worn)
Jewellery
 p - an uncursed ring of positive energy
 r - a ring of stealth (right hand)
 u - a ring of protection from fire (left hand)
Wands
 v - a wand of iceblast (4/15)
Scrolls
 h - 2 scrolls of enchant weapon {unknown}
 j - a scroll of fear {unknown}
 k - 2 scrolls of identify {unknown}
 q - a scroll of amnesia {unknown}
 t - a scroll of immolation {unknown}
Potions
 d - a potion of might
 e - 4 potions of invisibility {unknown}
 i - a potion of curing {unknown}
 m - a potion of haste {unknown}
 o - 2 potions of brilliance {unknown}
Comestibles
 f - 2 bread rations
 g - a royal jelly
 l - 2 meat rations
 n - a slice of pizza
 s - a beef jerky


   Skills:
 + Level 5.3 Fighting
 + Level 5.8 Maces & Flails
 + Level 3.6 Dodging
 + Level 0.4 Stealth
 + Level 3.8 Shields


You had 5 spell levels left.
You didn't know any spells.

Dungeon Overview and Level Annotations

Branches:
Dungeon (4/15)
 Temple: D:4-7

Altars:
Sif Muna

Annotations:
D:3 Sigmund


Innate Abilities, Weirdness & Mutations

You are too large for most types of armour.
You have tough skin. (AC +1)


Message History

The gnoll shouts!
You closely miss the gnoll.
The gnoll hits you from afar with a spear.
The gnoll hits you with a spear. x2; You block the gnoll's attack.
The gnoll closely misses you.
You sock the gnoll!
The gnoll is almost dead.
The gnoll hits you with a spear! The gnoll hits you with a spear.
The gnoll hits you.
* * * LOW HITPOINT WARNING * * *
The gnoll hits you from afar with a spear.
* * * LOW HITPOINT WARNING * * *
The gnoll hits you from afar with a spear.
* * * LOW HITPOINT WARNING * * *
The gnoll hits you from afar with a spear!
* * * LOW HITPOINT WARNING * * *
You block the gnoll's attack. The gnoll misses you.
The gnoll hits you from afar with a spear!
You die...

..............+ ####≈≈≈≈≈§§..
..............###.#≈≈≈≈≈§≈§..
..................#§≈≈≈≈§≈§O.
....#.#...........#≈≈≈≈§≈≈#..
....._............'........≈≈
....#.#.....#...g.'.....§.§≈≈
...............g..#≈§≈§≈§§#..
.#............g.g[#§§≈≈§≈§≈§.
................@.#≈§≈§≈§§§..
.................(##≈≈≈≈≈≈§.
...........##......##≈≈≈≈≈≈..
...........#####....##≈§§§≈..
...........# #..##.##§§§≈..
...........## ##.##.#
............# #..#.##
....#≈##....# ##....#
..≈##≈≈###..# ###..##


You could see 4 gnolls.

Vanquished Creatures
  An ogre (D:4)
  A centaur skeleton (D:4)
  Natasha (twice) (D:2)
  3 worker ants (D:4)
  A hound skeleton (D:3)
  2 adders
  6 dart slugs
  An orc (D:3)
  6 giant cockroaches
  7 hobgoblins
  2 jackals (D:4)
  3 quokkas
  A ball python (D:1)
  8 bats
  6 frilled lizards
  2 goblins
  6 kobolds
  4 rats
62 creatures vanquished.

Notes
Turn   | Place    | Note
-------+----------+-------------------------------------------
     0 | D:1      | galech the Ogre Fighter began the quest for the Orb.
     0 | D:1      | Reached XP level 1. HP: 24/24 MP: 1/1
     6 | D:1      | Noticed a soldier ant
     6 | D:1      | Noticed a basilisk
     7 | D:1      | Noticed a fire giant
     7 | D:1      | Noticed a hell rat
   256 | D:1      | Reached XP level 2. HP: 32/32 MP: 2/2
   700 | D:1      | Reached XP level 3. HP: 36/40 MP: 3/3
  1483 | D:2      | Noticed Natasha
  1488 | D:2      | Killed Natasha
  1488 | D:2      | Reached XP level 4. HP: 49/49 MP: 4/4
  1546 | D:2      | Noticed Natasha
  1553 | D:2      | Killed Natasha
  1718 | D:3      | Reached XP level 5. HP: 41/55 MP: 5/5
  1801 | D:3      | Reached skill level 5 in Fighting
  1805 | D:3      | Noticed Sigmund
  1840 | D:4      | Reached skill level 5 in Maces & Flails
  2132 | D:4      | Found a deep blue altar of Sif Muna.
  2555 | D:4      | Reached XP level 6. HP: 63/66 MP: 6/6
  2908 | D:4      | HP: 2/66 [gnoll/spear (8)]
  2932 | D:4      | Slain by a gnoll

Skill      XL: |  1  2  3  4  5 |
---------------+----------------+-----
Maces & Flails | 3 4 5 |  5.8
Shields        | 3 |  3.8
Dodging        | 3 |  3.6
Fighting       | 5 |  5.3
Stealth        | |  0.4

Action                   |  1- 3 |  4- 6 || total
-------------------------+-------+-------++-------
Melee: Flail             |   149 |    99 ||   248
 Stab: Sleeping          |       |     1 ||     1
  Eat: Chunk             |     2 |     4 ||     6
Armor: Robe              |    59 |    23 ||    82
Dodge: Dodged            |    57 |    48 ||   105
Block: Shield            |    72 |    52 ||   124
